 Dungeon Crawl Stone Soup version 0.31-a0-182-gc5ef74bbde (webtiles) character file.

Game seed: 6426698958908942604

718 qw the Chopper (level 7, 0/43 HPs)
             Began as a Gargoyle Fighter on June 20, 2023.
             Slain by Grinder (2 damage)
             ... on level 5 of the Dungeon.
             The game lasted 00:02:17 (3790 turns).

qw the Chopper (Gargoyle Fighter)                   Turns: 3790, Time: 00:02:17

Health: 0/43       AC: 13    Str: 21    XL:     7   Next: 70%
Magic:  7/7        EV:  8    Int:  9    God:
Gold:   257        SH:  6    Dex:  9    Spells: 6/6 levels left

rFire   . . .        Y - +0 war axe
rCold   . . .        b - +2 buckler
rNeg    + . .        g - +0 chain mail
rPois   inf          (no helmet)
rElec   +            (no cloak)
rCorr   .            (no gloves)
SInv    +            (no boots)
Will    .....        l - amulet of faith Stlth
                     n - ring of see invisible
HPRegen 0.27/turn    (no ring)
MPRegen 0.10/turn

%: faith
@: no status effects
A: sickness immunity, AC +4, negative energy resistance 1, electricity
resistance, torment resistance 1, petrification resistance
a: no special abilities


You were on level 5 of the Dungeon.
You visited 1 branch of the dungeon, and saw 5 of its levels.

You collected 257 gold pieces.


Innate Abilities, Weirdness & Mutations

You are immune to sickness and miasma.
Your stone body is resilient. (AC +4)
You are immune to poison.
You resist negative energy. (rN+)
You are resistant to electric shocks. (rElec)
You are resistant to unholy torment.
You are immune to petrification.


   Skills:
 + Level 4.2 Fighting
 - Level 7.0 Axes
 - Level 1.4 Throwing
 - Level 3.2 Armour
 - Level 1.0 Dodging
 - Level 3.2 Shields


You had 6 spell levels left.
You didn't know any spells.
Your spell library was empty.

Inventory:

Hand Weapons
 h - a +0 flail
 Y - a +0 war axe (weapon)
Missiles
 o - 2 silver boomerangs (quivered)
 q - 2 boomerangs
Armour
 b - a +2 buckler (worn)
 g - a +0 chain mail (worn)
Jewellery
 e - an amulet of reflection
 l - an amulet of faith (around neck)
 n - a ring of see invisible (left hand)
Scrolls
 a - a scroll of identify
Potions
 d - a potion of might
 f - a potion of mutation
 k - a potion of heal wounds {unknown}
 m - a potion of cancellation

Dungeon Overview and Level Annotations

Branches:
Dungeon (5/15)
 Temple: D:4-7

Altars:
Xom

Shops:
D:2 =

Annotations:
D:5 Grinder, Sigmund


Message History

You hit the phantom. You block Sigmund's attack.
You block the phantom's attack.
Grinder blinks!
You slash the phantom!
The phantom is severely damaged.
The phantom hits you but does no damage.
Sigmund hits you but does no damage.
You closely miss the phantom.
The phantom is severely damaged.
You hit the orc. The orc hits you but does no damage.
The phantom hits you but does no damage.
Sigmund hits you but does no damage.
You closely miss the phantom.
The phantom is severely damaged.
You slash the orc!
You kill the orc!
The phantom hits you but does no damage. x2
Sigmund casts a spell at you.
The puff of flame hits the orc wizard!
The orc wizard closely misses you.
You slash the orc wizard!
You kill the orc wizard!
You closely miss the phantom.
The phantom hits you but does no damage.
Sigmund points at you and mumbles some strange words.
You are confused.
3788 ||| DRINKING potion of curing.
You feel better.
3788 ||| (to cure confusion)
A scorpion comes into view.
You block the phantom's attack. Sigmund closely misses you.
Grinder hits you but does no damage.
The scorpion moves out of view.
You closely miss the phantom.
The phantom is severely damaged.
You closely miss Grinder. You closely miss the iguana.
The phantom closely misses you. The iguana bites you. Grinder hits you!
You slash the phantom!
You destroy the phantom!
You hit the iguana but do no damage. You closely miss Grinder.
Sigmund hits you from afar with a +0 scythe!
Grinder hits you.
You writhe in agony.
You die...

...........#
..........#
.........# ......!.#
.......# .@....+
#### #5l...#
....###@....######
.................##
..................#
..................#
..................#
+######..%........#
..##.>........##
................#
......##+###.......#


You could see Grinder, Sigmund (invisible) and an iguana.

Vanquished Creatures
  An ice beast (D:4)
  An ogre (D:4)
  A phantom (D:5)
  A scorpion (D:4)
  A howler monkey (D:4)
  3 hounds (D:4)
  An orc priest (D:3)
  An iguana (D:4)
  A sleepcap (D:4)
  2 orc wizards
  3 gnolls (D:4)
  8 adders
  A white imp (D:4)
  3 worms
  A dart slug (D:2)
  21 orcs
  5 endoplasms
  A giant cockroach (D:3)
  5 goblins
  9 hobgoblins
  5 quokkas
  6 ball pythons
  3 bats (D:1)
  6 frilled lizards
  9 kobolds
  9 rats
108 creatures vanquished.

Notes
Turn   | Place    | Note
-------+----------+-------------------------------------------
     0 | D:1      | qw the Gargoyle Fighter began the quest for the Orb.
     0 | D:1      | Reached XP level 1. HP: 14/14 MP: 1/1
     0 | D:1      | 0 ||| qw: Version: 0.3-a-9-g12657ce
     0 | D:1      | 0 ||| qw: Game counter: 1434
     0 | D:1      | 0 ||| qw: Always use a shield: true
     0 | D:1      | 0 ||| qw: God list: Okawaru
     0 | D:1      | 0 ||| qw: Allow faded altars: false
     0 | D:1      | 0 ||| qw: Do Orc after D:15 true
     0 | D:1      | 0 ||| qw: Do second Lair branch before Depths: true
     0 | D:1      | 0 ||| qw: Lair rune preference: random
     0 | D:1      | 0 ||| qw: Plans: Normal, Zot:1-4, Slime:5, God:TSO, Crypt,
                  | Tomb, Abyss, Pan, Hells, Win
     0 | D:1      | 0 ||| PLANNING D:1-11
    95 | D:1      | Reached skill level 2 in Axes
   201 | D:1      | 201 ||| Stepping ~*~*~tactically~*~*~ (stealth).
   233 | D:1      | Reached XP level 2. HP: 19/19 MP: 2/2
   583 | D:1      | Reached skill level 3 in Axes
   649 | D:1      | Reached XP level 3. HP: 17/23 MP: 3/3
   841 | D:1      | 841 ||| DROPPING ring of magical power.
   842 | D:1      | 842 ||| READING 2 scrolls labelled KIENIF JEZE.
   843 | D:1      | 843 ||| READING scroll labelled OBLE EMPURUQO.
   889 | D:2      | 889 ||| DROPPING +0 club.
   987 | D:2      | Found a shimmering altar of Xom.
   993 | D:2      | 993 ||| FLEEEEING.
   996 | D:2      | 996 ||| FLEEEEING.
   997 | D:2      | 997 ||| FLEEEEING.
   998 | D:2      | 998 ||| FLEEEEING.
   999 | D:2      | 999 ||| Stepping ~*~*~tactically~*~*~ (hiding).
  1096 | D:2      | Found Ypefrublu's Jewellery Boutique.
  1101 | D:2      | 1101 ||| SHOPLISTING amulet of faith (440 gold, have 64).
  1101 | D:2      | 1101 ||| SHOPLISTING amulet of regeneration (330 gold, have
                  | 64).
  1101 | D:2      | 1101 ||| SHOPLISTING ring of fire (275 gold, have 64).
  1101 | D:2      | 1101 ||| SHOPLISTING ring of protection from cold (275
                  | gold, have 64).
  1417 | D:2      | 1417 ||| READING scroll labelled GEHOEDADDE.
  1418 | D:2      | 1418 ||| READING scroll labelled EKKIXA USHEQ.
  1419 | D:2      | 1419 ||| READING 2 scrolls of identify.
  1419 | D:2      | 1419 ||| IDENTIFYING viscous dark potion
  1543 | D:3      | Reached XP level 4. HP: 26/28 MP: 4/4
  1611 | D:3      | 1611 ||| Stepping ~*~*~tactically~*~*~ (stealth).
  1683 | D:3      | Reached skill level 4 in Axes
  1720 | D:3      | 1720 ||| Stepping ~*~*~tactically~*~*~ (stealth).
  1753 | D:3      | Reached XP level 5. HP: 31/32 MP: 5/5
  1829 | D:3      | 1829 ||| DROPPING +0 whip.
  1943 | D:3      | Found a faded altar of an unknown god.
  2091 | D:3      | 2091 ||| UPGRADING to +0 chain mail.
  2101 | D:3      | 2101 ||| DROPPING +0 scale mail.
  2102 | D:3      | 2102 ||| UPGRADING to amulet of reflection.
  2107 | D:3      | 2107 ||| UPGRADING to amulet of faith.
  2117 | D:3      | 2117 ||| DRINKING 2 lumpy silvery potions.
  2131 | D:4      | 2131 ||| PLANNING SEWER
  2157 | D:4      | Reached skill level 5 in Axes
  2214 | D:4      | Reached XP level 6. HP: 25/38 MP: 6/6
  2551 | D:4      | 2551 ||| Stepping ~*~*~tactically~*~*~ (stealth).
  2560 | D:4      | Reached skill level 6 in Axes
  2560 | D:4      | 2560 ||| FLEEEEING.
  2570 | D:4      | 2570 ||| FLEEEEING.
  2571 | D:4      | 2571 ||| STAIRDANCE
  2609 | D:3      | 2609 ||| UPGRADING to ring of see invisible.
  2610 | D:3      | 2610 ||| READING scroll labelled GOSOITITOE.
  2614 | D:3      | 2614 ||| DRINKING 2 fizzy pink potions.
  2615 | D:3      | 2615 ||| READING 2 scrolls of identify.
  2615 | D:3      | 2615 ||| IDENTIFYING black potion
  2616 | D:3      | 2616 ||| DROPPING potion of brilliance.
  2686 | D:4      | 2686 ||| Stepping ~*~*~tactically~*~*~ (hiding).
  2826 | D:4      | 2826 ||| RIP SEWER
  2911 | D:4      | 2911 ||| PLANNING D:1-11
  2967 | D:4      | 2967 ||| Stepping ~*~*~tactically~*~*~ (hiding).
  2968 | D:4      | 2968 ||| Stepping ~*~*~tactically~*~*~ (hiding).
  2976 | D:4      | 2976 ||| Stepping ~*~*~tactically~*~*~ (hiding).
  3078 | D:4      | 3078 ||| Stepping ~*~*~tactically~*~*~ (stealth).
  3113 | D:4      | Reached skill level 1 in Throwing
  3113 | D:4      | Reached XP level 7. HP: 40/43 MP: 7/7
  3134 | D:4      | Reached skill level 1 in Dodging
  3135 | D:4      | 3135 ||| Stepping ~*~*~tactically~*~*~ (stealth).
  3210 | D:4      | 3210 ||| FLEEEEING.
  3211 | D:4      | 3211 ||| FLEEEEING.
  3212 | D:4      | 3212 ||| FLEEEEING.
  3213 | D:4      | 3213 ||| FLEEEEING.
  3273 | D:4      | 3273 ||| Stepping ~*~*~tactically~*~*~ (stealth).
  3276 | D:4      | 3276 ||| Stepping ~*~*~tactically~*~*~ (stealth).
  3283 | D:4      | HP: 10/43 [ogre/+0 giant club (33)]
  3412 | D:4      | 3412 ||| Stepping ~*~*~tactically~*~*~ (stealth).
  3415 | D:4      | 3415 ||| Stepping ~*~*~tactically~*~*~ (stealth).
  3548 | D:4      | 3548 ||| UPGRADING to +2 buckler.
  3558 | D:4      | 3558 ||| DROPPING +0 buckler.
  3559 | D:4      | 3559 ||| READING scroll labelled LIK DEOLAA.
  3560 | D:4      | 3560 ||| READING scroll labelled QEROD QOASU.
  3588 | D:5      | Entered Level 5 of the Dungeon
  3591 | D:5      | 3591 ||| STAIRDANCE
  3616 | D:4      | Reached skill level 7 in Axes
  3772 | D:5      | Noticed Grinder
  3772 | D:5      | Noticed Sigmund
  3788 | D:5      | 3788 ||| DRINKING potion of curing.
  3788 | D:5      | 3788 ||| (to cure confusion)
  3790 | D:5      | HP: 8/43 [Sigmund/+0 scythe (9)]
  3790 | D:5      | HP: 2/43 [Grinder (6)]
  3790 | D:5      | Slain by Grinder

Levels and vault maps discovered:
D:1:      elethiomel_arrival_infinity_welcomes_careful_drivers, layout_basic
D:2:      layout_rooms, basic_altar, serial_shops, nicolae_shop_hallway_stairs,
          chequers_serial_rivers_large_a, chequers_garden
D:3:      layout_rooms, dilly_ecumenical_altar_fadedgnrine,
          chequers_decorated_corner, nicolae_kite_square_tiling_tiny
D:4:      layout_loops_ring, cheibrodos_sewer_entry_drain,
          guppyfry_early_lair_pool
D:5:      layout_gridville, grunt_temple_overflow_open, uniq_grinder,
          uniq_sigmund, uniq_pikel

Skill      XL: |  1  2  3  4  5  6  7 |
---------------+----------------------+-----
Axes           | 2 3 4 5 6 7 |  7.0
Fighting       | 4 |  4.2
Throwing       | 1 |  1.4
Dodging        | 1 |  1.0
Armour         | |  3.2
Shields        | |  3.2

Action                     |  1- 3 |  4- 6 |  7- 9 || total
---------------------------+-------+-------+-------++-------
  Melee: War axe           |   123 |   156 |    94 ||   373
  Throw: Boomerang         |       |     8 |    12 ||    20
    Use: Scroll            |     5 |     2 |     2 ||     9
         Potion            |       |     2 |     1 ||     3
 Armour: Scale mail        |    48 |    49 |       ||    97
         Chain mail        |       |    74 |    57 ||   131
  Dodge: Dodged            |    40 |    75 |    32 ||   147
  Block: Buckler           |    18 |    25 |    20 ||    63

Table legend:
 A = Non-vault XP
 B = Vault XP
 C = Vault XP percentage of total XP
 D = Non-vault monster count
 E = Vault monster count
 F = Vault count percentage of total count
                 A         B        C        D         E       F
            +---------+---------+-------+---------+---------+-------
      Total |    1097 |      32 |   2.8 |     104 |       4 |   3.7
            +---------+---------+-------+---------+---------+-------
        D:1 |      38 |       0 |   0.0 |      26 |       0 |   0.0
        D:2 |      28 |       0 |   0.0 |      12 |       0 |   0.0
        D:3 |     154 |       0 |   0.0 |      20 |       0 |   0.0
        D:4 |     735 |      32 |   4.2 |      39 |       4 |   9.3
        D:5 |     142 |       0 |   0.0 |       7 |       0 |   0.0
            +---------+---------+-------+---------+---------+-------
